 Dungeon Crawl Stone Soup version 0.26-a0-971-g1d9d62bb61 (webtiles) character file.

Game seed: 18194523502854030149

152 siradein the Changer (level 5, -4/37 HPs)
             Began as a Merfolk Transmuter on Dec 4, 2020.
             Was an Initiate of Yredelemnul.
             Slain by a gnoll
             ... wielding a +0 flail
              (8 damage)
             ... on level 4 of the Dungeon.
             The game lasted 00:11:03 (4070 turns).

siradein the Changer (Merfolk Transmuter)           Turns: 4070, Time: 00:11:03

Health: -4/37      AC:  3    Str: 10    XL:     5   Next: 34%
Magic:  7/8        EV: 13    Int: 13    God:    Yredelemnul [......]
Gold:   88         SH:  0    Dex: 15    Spells: 2/8 levels left

rFire    . . .     SeeInvis +     - Unarmed
rCold    . . .     Faith    .   (no shield)
rNeg     . . .     Spirit   .   a - +0 robe
rPois    .         Reflect  .   (no helmet)
rElec    .         Harm     .   q - +0 cloak
rCorr    .         Rampage  .   (no gloves)
MR       .....                  (no boots)
Stlth    +.........             (no amulet)
HPRegen  0.12/turn              g - ring of wizardry
MPRegen  0.11/turn              k - ring of see invisible

@: wereblooded (expiring)
A: change form in water, swift swim, stealthy swim
a: Renounce Religion


You were on level 4 of the Dungeon.
You worshipped Yredelemnul.
Yredelemnul was noncommittal.
You visited 1 branch of the dungeon, and saw 4 of its levels.

You collected 88 gold pieces.

Inventory:

Armour
 a - a +0 robe (worn)
 q - a +0 cloak (worn)
Jewellery
 g - a ring of wizardry (left hand)
 i - an uncursed ring of magical power
 k - a ring of see invisible (right hand)
Wands
 j - a wand of flame (18)
Scrolls
 e - 3 scrolls of remove curse {unknown}
 f - 9 scrolls of identify {unknown}
 l - 2 scrolls of teleportation {unknown}
 n - 2 scrolls of fear {unknown}
 o - a scroll of amnesia {unknown}
 p - a scroll of immolation {unknown}
Potions
 b - 2 potions of haste {unknown}
 c - a potion of ambrosia {unknown}
 d - 2 potions of attraction {unknown}
 h - 2 potions of curing {unknown}
 m - a potion of flight {unknown}
 r - a potion of berserk rage {unknown}
 s - a potion of heal wounds {unknown}


   Skills:
 - Level 1.1 Fighting
 - Level 2.6 Dodging
 + Level 5.1 Unarmed Combat
 - Level 2.0 Spellcasting
 + Level 5.3 Transmutations


You had 2 spell levels left.
You knew the following spells:

 Your Spells              Type           Power        Failure   Level
a - Beastly Appendage     Tmut           ###...       1%          1
b - Wereblood             Tmut           ###.....     1%          2
c - Spider Form           Tmut/Pois      #.........   11%         3

Your spell library contained the following spells:

 Spells                   Type           Power        Failure   Level
 Blade Hands              Tmut           ###.......   30%         5
 Ice Form                 Ice/Tmut       #.......     32%         4


Dungeon Overview and Level Annotations

Branches:
Dungeon (4/15)
 Temple: D:4-7

Altars:
Elyvilon
Gozag
Okawaru
Trog
Uskayaw
Wu Jian
Xom
Yredelemnul

Annotations:
D:3 2 transporters, mundffin3927's ghost, amateur GnWz


Message History

The gnoll hits you with a +0 whip.
You punch the gnoll!
You kill the gnoll!
Yredelemnul accepts your kill.
You hit the gnoll.
The gnoll is lightly wounded.
Your primal bloodlust is almost over.
The gnoll hits you with a +0 flail.
* * * LOW HITPOINT WARNING * * *
You hit the gnoll. You headbutt the gnoll.
The gnoll is moderately wounded.
You howl as the wereblood boils in your veins!
Your horns disappear.
The gnoll hits you with a +0 flail.
* * * LOW HITPOINT WARNING * * *
You hit the gnoll. You punch the gnoll.
The gnoll is almost dead.
The gnoll hits you with a +0 flail!
You die...
Your body rises from the dead as a mindless zombie.

#. ##.###
.....###
#..? ..#
#..# #.#
#..# #@#
#.###g#
#.###.[...#
#.?...<.###
#######.#
#.# #.# #.#
#.#


You could see a gnoll.

Vanquished Creatures
  2 gnolls (D:4)
  3 adders (D:2)
  2 oozes
  5 worms
  2 dart slugs
  2 leopard geckos
  3 orcs (D:3)
  3 ball pythons
  A giant cockroach (D:2)
  5 goblins
  12 hobgoblins
  11 jackals
  5 kobolds
  A quokka (D:2)
  3 bats
  4 frilled lizards
  A leopard gecko skeleton (D:3)
  A quokka zombie (D:3)
  7 rats
73 creatures vanquished.

Vanquished Creatures (others)
  4 plants (D:3)
4 creatures vanquished.

Grand Total: 77 creatures vanquished

Notes
Turn   | Place    | Note
-------+----------+-------------------------------------------
     0 | D:1      | siradein the Merfolk Transmuter began the quest for the
                  | Orb.
     0 | D:1      | Reached XP level 1. HP: 15/15 MP: 3/3
   362 | D:1      | Reached XP level 2. HP: 21/21 MP: 3/5
   429 | D:1      | Learned a level 2 spell: Wereblood
   607 | D:1      | Upgraded the game from 0.26-a0-966-gd078a86f14 to
                  | 0.26-a0-971-g1d9d62bb61
   934 | D:1      | Reached XP level 3. HP: 25/26 MP: 4/6
  2166 | D:2      | Reached XP level 4. HP: 32/32 MP: 3/7
  2170 | D:2      | Learned a level 3 spell: Spider Form
  3228 | D:3      | Found a basalt altar of Yredelemnul.
  3228 | D:3      | Found an iron altar of Okawaru.
  3228 | D:3      | Found a shimmering altar of Xom.
  3228 | D:3      | Found a transporter.
  3228 | D:3      | Noticed mundffin3927's ghost (amateur GnWz)
  3229 | D:3      | Found a bloodstained altar of Trog.
  3229 | D:3      | Found a hide-covered altar of Uskayaw.
  3229 | D:3      | Found an opulent altar of Gozag.
  3230 | D:3      | Found an ornate altar of the Wu Jian Council.
  3235 | D:3      | Found a white marble altar of Elyvilon.
  3252 | D:3      | Became a worshipper of Yredelemnul the Dark
  3399 | D:3      | Reached skill level 5 in Transmutations
  3510 | D:3      | Reached XP level 5. HP: 29/37 MP: 5/8
  3597 | D:3      | Found a transporter.
  3829 | D:3      | Reached skill level 5 in Unarmed Combat
  4070 | D:4      | Slain by a gnoll

Illustrated notes

Levels and vault maps discovered:
D:1:      tarquinn_simple_flora_water_e, layout_loops_ring,
          hangedman_decor_slide_cut
D:2:      layout_loops_corners
D:3:      layout_rooms, grunt_temple_overflow_open, gammafunk_ghost_arena,
          serial_bayou, serial_bayou_lake_a, serial_bayou_crossing,
          serial_bayou_pond_b, serial_bayou_pond_e
D:4:      cheibrodos_old_hovel, layout_loops_cross, ebering_ghost_disaster_area,
          nrook_mini_vaults

Skill      XL: |  1  2  3  4  5 |
---------------+----------------+-----
Transmutations | 3 4 5 |  5.3
Unarmed Combat | 4 5 |  5.1
Fighting       | |  1.1
Dodging        | |  2.6
Spellcasting   | |  2.0

Action                   |  1- 3 |  4- 6 || total
-------------------------+-------+-------++-------
Melee: Unarmed           |   113 |   127 ||   240
       Headbutt          |    17 |    19 ||    36
       Punch             |     1 |     2 ||     3
 Cast: Beastly Appendage |    23 |    22 ||    45
       Wereblood         |     9 |    12 ||    21
 Stab: Sleeping          |       |     3 ||     3
Armor: Robe              |    19 |     5 ||    24
Dodge: Dodged            |    70 |    69 ||   139

Table legend: (Time is in decaauts)
 A = Elapsed time spent in this place.
 B = Non-inter-level travel time spent in this place.
 C = Inter-level travel time spent in this place.
 D = Time resting spent in this place.
 E = Time spent auto-exploring this place.
 F = Levels seen in this place.
 G = Mean time per level.
                   A        B        C        D        E       F      G
               +--------+--------+--------+--------+--------+-----+--------+
         Total |   4019 |   3940 |     79 |      2 |   3383 |   4 | 1004.8 |
       Dungeon |   4019 |   3940 |     79 |      2 |   3383 |   4 | 1004.8 |
               +--------+--------+--------+--------+--------+-----+--------+

Top non-repeatable levels by time:
     D:2: 1888 daAuts
     D:1: 1325 daAuts
     D:3: 781 daAuts
     D:4: 23 daAuts
